SAAA
SAINT-JÉRÔME AMISH @ BANGOR TRIDENT BASE OGRES
06/07/2017
 
TOP OF THE 1ST
Thomasville Lookouts batting - Pitching for Yonkers Warlords : RHP Ramón Leyva
Pitching: RHP Ramón Leyva
Batting: RHB José Moreno 0-0: Foul Ball, location: 2F
0-1: Swinging Strike
0-2: Ball
1-2: Ball
2-2: Ball
3-2: Base on Balls
Batting: RHB Jim Unknown 0-0: Swinging Strike
0-1: Called Strike
0-2: Ball
1-2: Strikes out looking
Batting: LHB Pat Carrasco 0-0: Called Strike
0-1: Ball
1-1: Fielders Choice at 2nd, 3-6 (Groundball, 3)
Batting: RHB Javier González 0-0: Called Strike
0-1: Ball
1-1: Ball
2-1: Ground out 5-3 (Groundball, 5D)
Top of the 1st over - 0 run(s), 0 hit(s), 0 error(s), 1 left on base; Thomasville 0 - Yonkers 0
BOTTOM OF THE 1ST
Yonkers Warlords batting - Pitching for Thomasville Lookouts : RHP Jim Unknown
Pitching: RHP Jim Unknown
Batting: RHB Leonard Jones 0-0: Swinging Strike
0-1: SOLO HOME RUN (Flyball, 78XD), Distance : 429 ft
Batting: RHB Phil Fleming 0-0: Fly out, F7 (Flyball, 78S)
Batting: RHB José Ayala 0-0: Foul Ball, location: 2F
0-1: Foul Ball, location: 2F
0-2: Foul Ball, location: 2F
0-2: Ball
1-2: Fly out, F3 (Popup, 34)
Batting: SHB Sherwood Hoffman 0-0: Ground out U3 (Groundball, 3S)
Bottom of the 1st over - 1 run(s), 1 hit(s), 0 error(s), 0 left on base; Thomasville 0 - Yonkers 1
TOP OF THE 2ND
Thomasville Lookouts batting - Pitching for Yonkers Warlords : RHP Ramón Leyva
Batting: RHB Juan Gonzáles 0-0: Ball
1-0: Called Strike
1-1: Fly out, F9 (Flyball, 9LSF)
Batting: SHB Jim Unknown 0-0: Swinging Strike
0-1: Swinging Strike
0-2: Foul Ball, location: 2F
0-2: Ball
1-2: Ball
2-2: Ground out 4-3 (Groundball, 4)
Batting: RHB Dave Rogers 0-0: Swinging Strike
0-1: Ball
1-1: SOLO HOME RUN (Flyball, 7D), Distance : 398 ft
Batting: RHB Jim Unknown 0-0: Ball
1-0: Ball
2-0: Foul Ball, location: 2F
2-1: Foul Ball, location: 2F
2-2: Fly out, F6 (Popup, 7LS)
Top of the 2nd over - 1 run(s), 1 hit(s), 0 error(s), 0 left on base; Thomasville 1 - Yonkers 1
BOTTOM OF THE 2ND
Yonkers Warlords batting - Pitching for Thomasville Lookouts : RHP Jim Unknown
Batting: RHB Lance Davis 0-0: Ball
1-0: SINGLE (Line Drive, 8RS)
Batting: RHB Dani Espinosa 0-0: Ball
1-0: Ball
2-0: Ball
3-0: Called Strike
3-1: SINGLE (Groundball, 56S)
Lance Davis to second
Batting: RHB Pedro Robles 0-0: Ground out 6-3 (Groundball, 6S)
Lance Davis to third
Dani Espinosa to second
Batting: LHB Pedro López 0-0: Ball
1-0: Swinging Strike
1-1: Called Strike
1-2: Foul Ball, location: 2F
1-2: Foul Ball, location: 2F
1-2: Ball
2-2: Foul Ball, location: 2F
2-2: 3-RUN HOME RUN (Flyball, 89XD), Distance : 428 ft
Batting: RHB Joe Smith 0-0: Called Strike
0-1: Ball
1-1: Ball
2-1: Called Strike
2-2: Strikes out swinging
Batting: RHB Leonard Jones 0-0: Ground out 6-3 (Groundball, 56)
Bottom of the 2nd over - 3 run(s), 3 hit(s), 0 error(s), 0 left on base; Thomasville 1 - Yonkers 4
TOP OF THE 3RD
Thomasville Lookouts batting - Pitching for Yonkers Warlords : RHP Ramón Leyva
Batting: RHB Jim Unknown 0-0: Ball
1-0: Foul Ball, location: 2F
1-1: Swinging Strike
1-2: Ball
2-2: SINGLE (Groundball, 6MD) (infield hit)
Batting: RHB José Moreno 0-0: SINGLE (Line Drive, 89S)
Jim Unknown to second
Batting: RHB Jim Unknown 0-0: SINGLE (Groundball, 56D)
Jim Unknown to third
José Moreno to second
Batting: LHB Pat Carrasco 0-0: Ball
1-0: Ball
2-0: Swinging Strike
2-1: Foul Ball, location: 2F
2-2: Fly out, F5 (Popup, 5SF)
Batting: RHB Javier González 0-0: DOUBLE (Flyball, 7M)
Jim Unknown scores
José Moreno scores
Jim Unknown to third
Batting: RHB Juan Gonzáles 0-0: Ball
1-0: Foul Ball, location: 2F
1-1: Ball
2-1: Fly out, F8 (Flyball, 8LM)
Runner from 3rd tags up, SCORES, throw made
Batting: SHB Jim Unknown 0-0: Foul Ball, location: 2F
0-1: Ball
1-1: Ball
2-1: SINGLE (Flyball, 8LS)
Javier González to third
Runner from 3rd tries for Home, SAFE, no throw or cutoff
Pitching: RHP Jorge Sánchez
Batting: RHB Dave Rogers 0-0: Fly out, F8 (Popup, 4MD)
Top of the 3rd over - 4 run(s), 5 hit(s), 0 error(s), 1 left on base; Thomasville 5 - Yonkers 4
BOTTOM OF THE 3RD
Yonkers Warlords batting - Pitching for Thomasville Lookouts : RHP Jim Unknown
Batting: RHB Phil Fleming 0-0: Called Strike
0-1: Foul Ball, location: 2F
0-2: Ball
1-2: Ball
2-2: Foul Ball, location: 2F
2-2: Strikes out swinging
Batting: RHB José Ayala 0-0: Foul Ball, location: 2F
0-1: Ground out 5-3 (Groundball, 56)
Batting: SHB Sherwood Hoffman 0-0: Called Strike
0-1: Foul Ball, location: 2F
0-2: Ball
1-2: Foul Ball, location: 2F
1-2: Ball
2-2: Ball
3-2: Strikes out looking
Bottom of the 3rd over - 0 run(s), 0 hit(s), 0 error(s), 0 left on base; Thomasville 5 - Yonkers 4
TOP OF THE 4TH
Thomasville Lookouts batting - Pitching for Yonkers Warlords : RHP Jorge Sánchez
Batting: RHB Jim Unknown 0-0: Swinging Strike
0-1: Ball
1-1: Swinging Strike
1-2: Foul Ball, location: 2F
1-2: DOUBLE (Flyball, 89XD)
Batting: RHB Jim Unknown 0-0: Called Strike
0-1: Swinging Strike
0-2: Ball
1-2: Ball
2-2: Strikes out looking
Batting: RHB José Moreno 0-0: Ground out 1-3 (Groundball, 2R)
Jim Unknown to third
Batting: RHB Jim Unknown 0-0: Swinging Strike
0-1: Ball
1-1: Swinging Strike
1-2: Ball
2-2: Foul Ball, location: 2F
2-2: Ball
3-2: Foul Ball, location: 2F
3-2: Base on Balls
Batting: LHB Pat Carrasco 0-0: Called Strike
0-1: Called Strike
0-2: Ball
1-2: Ground out U3 (Groundball, 3)
Top of the 4th over - 0 run(s), 1 hit(s), 0 error(s), 2 left on base; Thomasville 5 - Yonkers 4
BOTTOM OF THE 4TH
Yonkers Warlords batting - Pitching for Thomasville Lookouts : RHP Jim Unknown
Batting: RHB Lance Davis 0-0: Swinging Strike
0-1: Foul Ball, location: 2F
0-2: Foul Ball, location: 2F
0-2: Foul Ball, location: 2F
0-2: Strikes out swinging
Batting: RHB Dani Espinosa 0-0: Called Strike
0-1: Ball
1-1: Foul Ball, location: 2F
1-2: Strikes out swinging
Batting: RHB Pedro Robles 0-0: Ball
1-0: Ball
2-0: Foul Ball, location: 2F
2-1: Ball
3-1: Base on Balls
Batting: LHB Pedro López 0-0: Fly out, F5 (Line Drive, 5S)
Bottom of the 4th over - 0 run(s), 0 hit(s), 0 error(s), 1 left on base; Thomasville 5 - Yonkers 4
TOP OF THE 5TH
Thomasville Lookouts batting - Pitching for Yonkers Warlords : RHP Jorge Sánchez
Batting: RHB Javier González 0-0: Called Strike
0-1: Foul Ball, location: 2F
0-2: Ball
1-2: Strikes out swinging
Batting: RHB Juan Gonzáles 0-0: Called Strike
0-1: Ground out 6-3 (Groundball, 6)
Batting: SHB Jim Unknown 0-0: Foul Ball, location: 2F
0-1: Swinging Strike
0-2: Ball
1-2: Ball
2-2: Ball
3-2: Strikes out swinging
Top of the 5th over - 0 run(s), 0 hit(s), 0 error(s), 0 left on base; Thomasville 5 - Yonkers 4
BOTTOM OF THE 5TH
Yonkers Warlords batting - Pitching for Thomasville Lookouts : RHP Jim Unknown
Batting: RHB Joe Smith 0-0: Swinging Strike
0-1: Swinging Strike
0-2: Ball
1-2: Ball
2-2: Foul Ball, location: 2F
2-2: Strikes out swinging
Batting: RHB Leonard Jones 0-0: Ball
1-0: Called Strike
1-1: Foul Ball, location: 2F
1-2: Ball
2-2: Strikes out looking
Batting: RHB Phil Fleming 0-0: Called Strike
0-1: Ground out 6-3 (Groundball, 6M)
Bottom of the 5th over - 0 run(s), 0 hit(s), 0 error(s), 0 left on base; Thomasville 5 - Yonkers 4
TOP OF THE 6TH
Thomasville Lookouts batting - Pitching for Yonkers Warlords : RHP Jorge Sánchez
Batting: RHB Dave Rogers 0-0: Ball
1-0: Fly out, F9 (Flyball, 89M)
Batting: RHB Jim Unknown 0-0: Ball
1-0: Ball
2-0: Ball
3-0: Base on Balls
Batting: RHB Jim Unknown 0-0: Ball
1-0: Ball
2-0: Ball
3-0: Called Strike
3-1: Fly out, F8 (Flyball, 8RXD)
Batting: RHB José Moreno 0-0: Called Strike
0-1: Ball
1-1: Ball
2-1: Ball
3-1: Base on Balls
Jim Unknown to second
Batting: RHB Jim Unknown 0-0: Called Strike
0-1: Ball
1-1: Ground out U3 (Groundball, 3S)
Top of the 6th over - 0 run(s), 0 hit(s), 0 error(s), 2 left on base; Thomasville 5 - Yonkers 4
BOTTOM OF THE 6TH
Yonkers Warlords batting - Pitching for Thomasville Lookouts : RHP Jim Unknown
Batting: RHB José Ayala 0-0: Ball
1-0: Ball
2-0: Foul Ball, location: 2F
2-1: Foul Ball, location: 2F
2-2: Fly out, F7 (Flyball, 8LM)
Batting: SHB Sherwood Hoffman 0-0: DOUBLE (Line Drive, 9LS)
Batting: RHB Lance Davis 0-0: Fly out, F9 (Flyball, 9S)
Batting: RHB Dani Espinosa 0-0: Called Strike
0-1: Foul Ball, location: 2F
0-2: Ground out 6-3 (Groundball, 6)
Bottom of the 6th over - 0 run(s), 1 hit(s), 0 error(s), 1 left on base; Thomasville 5 - Yonkers 4
TOP OF THE 7TH
Thomasville Lookouts batting - Pitching for Yonkers Warlords : RHP Jorge Sánchez
Pitching: LHP Stephen Kramer
Batting: LHB Pat Carrasco 0-0: Called Strike
0-1: Ball
1-1: Ball
2-1: Ball
3-1: Base on Balls
Batting: RHB Javier González 0-0: Called Strike
0-1: Swinging Strike
0-2: Strikes out swinging
Batting: RHB Juan Gonzáles 0-0: Called Strike
0-1: Ball
1-1: Ball
2-1: Foul Ball, location: 2F
2-2: Strikes out swinging
Pinch Hitting: SHB Jim Unknown 0-0: Ball
1-0: Foul Ball, location: 2F
1-1: Called Strike
1-2: Ball
2-2: Ball
3-2: Foul Ball, location: 2F
3-2: SINGLE (Line Drive, 8LS)
Pat Carrasco to second
Pat Carrasco to third
Batting: RHB Dave Rogers 0-0: Fly out, F7 (Line Drive, 7S)
Top of the 7th over - 0 run(s), 1 hit(s), 0 error(s), 2 left on base; Thomasville 5 - Yonkers 4
BOTTOM OF THE 7TH
Yonkers Warlords batting - Pitching for Thomasville Lookouts : RHP Jim Unknown
Now in LF: Jim Unknown
Batting: RHB Pedro Robles 0-0: Ball
1-0: Foul Ball, location: 2F
1-1: Swinging Strike
1-2: Foul Ball, location: 2F
1-2: Ball
2-2: Foul Ball, location: 2F
2-2: Ball
3-2: Foul Ball, location: 2F
3-2: Base on Balls
Pinch Hitting: RHB Michael Messer 0-0: Ball
1-0: Ball
Pickoff Throw by Catcher to First - Out!
2-0: Ground out 5-3 (Groundball, 56)
Batting: RHB Joe Smith 0-0: Ball
1-0: Ball
2-0: Called Strike
2-1: Ball
3-1: Called Strike
3-2: Strikes out swinging
Bottom of the 7th over - 0 run(s), 0 hit(s), 0 error(s), 0 left on base; Thomasville 5 - Yonkers 4
TOP OF THE 8TH
Thomasville Lookouts batting - Pitching for Yonkers Warlords : LHP Stephen Kramer
Now in RF: Chris Law
Batting: RHB Jim Unknown 0-0: Called Strike
0-1: Ball
1-1: Ball
2-1: Ball
3-1: Base on Balls
Batting: RHB Jim Unknown 0-0: Ball
1-0: Foul Ball, location: 2F
1-1: Foul Ball, location: 2F
1-2: Ball
2-2: Ball
3-2: Base on Balls
Jim Unknown to second
Pinch Runner at 2nd Chris West:
Batting: RHB José Moreno 0-0: Fly out, F8 (Flyball, 8LM)
Batting: RHB Jim Unknown 0-0: Ball
1-0: Called Strike
1-1: Ball
2-1: Foul Ball, location: 2F
2-2: Ball
3-2: Foul Ball, location: 2F
3-2: Base on Balls
Chris West to third
Jim Unknown to second
Batting: LHB Pat Carrasco 0-0: Ball
1-0: Foul Ball, location: 2F
1-1: Ball
2-1: Foul Ball, location: 2F
2-2: Ball
3-2: Strikes out swinging
Batting: RHB Javier González 0-0: Ball
1-0: Called Strike
1-1: Ball
2-1: Reached on error, E5 (Groundball, 5)
Chris West scores
Jim Unknown to third
Jim Unknown to second
Batting: RHB Juan Gonzáles 0-0: Ball
1-0: GRAND SLAM HOME RUN (Flyball, 78XD), Distance : 429 ft
Pitching: LHP George Boone
Batting: SHB Jim Unknown 0-0: Called Strike
0-1: Ball
1-1: Ball
2-1: Fly out, F6 (Popup, 6M)
Top of the 8th over - 5 run(s), 1 hit(s), 1 error(s), 0 left on base; Thomasville 10 - Yonkers 4
BOTTOM OF THE 8TH
Yonkers Warlords batting - Pitching for Thomasville Lookouts : RHP Jim Unknown
Now at 3B: Chris West
Batting: RHB Leonard Jones 0-0: Called Strike
0-1: Ball
1-1: Swinging Strike
1-2: SINGLE (Groundball, 6MD)
Batting: RHB Phil Fleming 0-0: Called Strike
0-1: Called Strike
0-2: Ball
1-2: Strikes out swinging
Pitching: RHP Jim Unknown
Batting: RHB José Ayala 0-0: Called Strike
0-1: Swinging Strike
0-2: Ball
1-2: Foul Ball, location: 2F
1-2: Ball
2-2: Grounds into double play, 6-4-3 (Groundball, 6)
Bottom of the 8th over - 0 run(s), 1 hit(s), 0 error(s), 0 left on base; Thomasville 10 - Yonkers 4
TOP OF THE 9TH
Thomasville Lookouts batting - Pitching for Yonkers Warlords : LHP George Boone
Batting: RHB Dave Rogers 0-0: Called Strike
0-1: Ball
1-1: Ball
2-1: Ball
3-1: SINGLE (Popup, 4MD)
Batting: LHB Chris West 0-0: Fly out, F8 (Flyball, 8RD)
Batting: RHB Jim Unknown 0-0: Called Strike
0-1: Ball
1-1: Ball
2-1: Called Strike
2-2: Ball
3-2: Foul Ball, location: 2F
3-2: Foul Ball, location: 2F
3-2: Foul Ball, location: 2F
3-2: Foul Ball, location: 2F
3-2: Foul Ball, location: 2F
3-2: DOUBLE (Flyball, 8RXD)
Dave Rogers to third
Runner from 3rd tries for Home, SAFE, no throw or cutoff
Batting: RHB José Moreno 0-0: SINGLE (Groundball, 34D)
Jim Unknown to third
Batting: RHB Jim Unknown 0-0: Ball
1-0: Called Strike
1-1: Ball
2-1: Ball
3-1: Swinging Strike
3-2: Base on Balls
José Moreno to second
Batting: LHB Pat Carrasco 0-0: Ball
1-0: Ball
2-0: Ball
3-0: Called Strike
3-1: Base on Balls
Jim Unknown scores
José Moreno to third
Jim Unknown to second
Batting: RHB Javier González 0-0: Foul Ball, location: 2F
0-1: Fly out, F9 (Flyball, 89M)
Batting: RHB Juan Gonzáles 0-0: Ball
1-0: Swinging Strike
1-1: Ball
2-1: Ball
3-1: Base on Balls
José Moreno scores
Jim Unknown to third
Pat Carrasco to second
Pitching: RHP Clinton Anderson
Batting: SHB Jim Unknown 0-0: Called Strike
0-1: Ball
1-1: GRAND SLAM HOME RUN (Flyball, 7D), Distance : 384 ft
Batting: RHB Dave Rogers 0-0: Ball
1-0: Ball
2-0: Swinging Strike
2-1: Ball
3-1: SINGLE (Line Drive, 8RS)
Batting: LHB Chris West 0-0: Ball
1-0: Called Strike
1-1: Ball
2-1: Ball
3-1: Fly out, F8 (Line Drive, 8LM)
Top of the 9th over - 7 run(s), 5 hit(s), 0 error(s), 1 left on base; Thomasville 17 - Yonkers 4
BOTTOM OF THE 9TH
Yonkers Warlords batting - Pitching for Thomasville Lookouts : RHP Jim Unknown
Batting: SHB Sherwood Hoffman 0-0: Ground out 4-3 (Groundball, 4M)
Batting: RHB Lance Davis 0-0: Swinging Strike
0-1: Ball
1-1: Foul Ball, location: 2F
1-2: SINGLE (Groundball, 34D) (infield hit)
Batting: RHB Dani Espinosa 0-0: Called Strike
0-1: Fly out, F8 (Flyball, 8RXD)
Batting: RHB Pedro Robles 0-0: Ball
1-0: Ball
2-0: Fielders Choice at 2nd, 6-4 (Groundball, 6)
Bottom of the 9th over - 0 run(s), 1 hit(s), 0 error(s), 0 left on base; Thomasville 17 - Yonkers 4
This league is powered by Out of the Park Baseball, the baseball management simulation game for PC, Mac and Linux
Saturday, February 27th, 2021 - OOTP Baseball 15.6 Build 34